 Dungeon Crawl Stone Soup version 0.27-a0-1232-gc6a4cbde82 (webtiles) character file.

Game seed: 2283698520515019624

1257 porpoise the Skirmisher (level 8, -1/62 HPs)
             Began as a Formicid Abyssal Knight on June 9, 2021.
             Was a Priest of Lugonu.
             Slain by a gnoll sergeant
             ... wielding a +0 spear
              (10 damage)
             ... on level 5 of the Dungeon.
             The game lasted 00:17:59 (3851 turns).

porpoise the Skirmisher (Formicid Abyssal Knight)   Turns: 3851, Time: 00:17:59

Health: -1/62      AC:  3    Str: 18 (19) XL:     8   Next: 81%
Magic:  12/12      EV: 13    Int: 11 (12) God:    Lugonu [***...]
Gold:   159        SH:  0    Dex: 15 (16) Spells: 11/12 levels left

rFire    . . .     SeeInvis +   a - +7 flail (vorpal)
rCold    . . .     Faith    .   (no shield)
rNeg     . . .     Spirit   .   y - +0 leather armour
rPois    .         Reflect  .   (helmet unavailable)
rElec    .         Harm     .   (no cloak)
rCorr    .         Rampage  .   (no gloves)
Will     +....                  (no boots)
Stlth    +.........             g - amulet of regeneration
HPRegen  1.20/turn              c - ring of willpower
MPRegen  0.13/turn              i - +6 ring of dexterity

@: no status effects
A: permanent stasis, dig shafts and tunnels, antennae 3, four strong arms
a: Dig, Shaft Self, Renounce Religion, Depart the Abyss, Bend Space, Banish


You were on level 5 of the Dungeon.
You worshipped Lugonu.
Lugonu was most pleased with you.
You visited 1 branch of the dungeon, and saw 5 of its levels.
You visited the Abyss 1 time.

You collected 159 gold pieces.

Inventory:

Hand Weapons
 a - a +7 vorpal flail (weapon)
 b - a +0 hand crossbow
 f - a +0 spectral quarterstaff
 s - a +1 spear
 E - a +3 battleaxe of freezing
Missiles
 e - 128 stones
 h - 57 arrows
 l - 77 sling bullets
 u - a throwing net
 v - 5 boomerangs (quivered)
 x - 11 bolts
Armour
 y - a +0 leather armour (worn)
Jewellery
 c - a ring of willpower (left hand)
 g - an amulet of regeneration (around neck)
 i - a +6 ring of dexterity (right hand)
 m - a ring of fire
 B - a ring of resist corrosion
Wands
 j - a wand of iceblast (5)
Scrolls
 d - a scroll of fear {unknown}
 o - a scroll of enchant armour {unknown}
 p - a scroll of noise {unknown}
 r - a scroll of teleportation
 t - a scroll of identify {unknown}
 w - a scroll of vulnerability {unknown}
 z - a scroll of amnesia
 A - a scroll of torment {unknown}


   Skills:
 - Level 5.0 Fighting
 - Level 5.0 Polearms
 - Level 5.0 Armour
 + Level 4.8 Dodging
 + Level 2.9 Spellcasting
 + Level 4.4 Invocations


You had 11 spell levels left.
You knew the following spells:

 Your Spells              Type           Power      Damage    Failure   Level
a - Sandblast             Erth           2%         2d4       32%         1

Your spell library contained the following spells:

 Spells                   Type           Power      Damage    Failure   Level
 Passwall                 Tmut/Erth      0%         N/A       43%         2
 Confusing Touch          Hex            1%         N/A       67%         3
 Gell's Gravitas          Tloc           0%         N/A       67%         3
 Stone Arrow              Conj/Erth      2%         3d7       67%         3
 Petrify                  Tmut/Erth      1%         N/A       97%         4
 Lee's Rapid Deconstruct  Erth           0%         3d5*      100%        5
 Metabolic Englaciation   Hex/Ice        0%         N/A       100%        5
 Yara's Violent Unravell  Hex/Tmut       0%         3d3       100%        5


Dungeon Overview and Level Annotations

Branches:
Dungeon (5/15)
 Temple: D:4-7

Altars:
Cheibriados
Kikubaaqudgha

Annotations:
D:5 3 runed translucent doors, bande's ghost, novice GrFi


Innate Abilities, Weirdness & Mutations

You cannot be hasted, slowed, berserked, paralysed or teleported.
You can dig through walls and to a lower floor.
You have a pair of large antennae on your head. (SInv)
Your four strong arms can wield two-handed weapons with a shield.


Message History

You throw a boomerang. The boomerang closely misses the gnoll.
The boomerang barely misses the gnoll.
The gnoll misses you.
You thump the gnoll!
The gnoll is almost dead.
The gnoll sergeant hits you from afar with a +0 spear!
The gnoll closely misses you. x2; The gnoll sergeant drinks a potion.
The gnoll sergeant seems to grow stronger.
You sock the gnoll!
You kill the gnoll!
Lugonu accepts your kill.
The gnoll hits you from afar with a +0 spear.
The gnoll sergeant hits you from afar with a +0 spear.
The gnoll hits you from afar with a +0 spear!
You feel your dexterity returning.
The gnoll sergeant completely misses you.
The gnoll misses you.
Items here: (( ))) †.
You barely miss the gnoll sergeant.
The gnoll sergeant hits you with a +0 spear!
The gnoll barely misses you.
The gnoll sergeant hits you with a +0 spear!
* * * LOW HITPOINT WARNING * * *
You hit the gnoll sergeant but do no damage.
The gnoll hits you with a +0 spear.
* * * LOW HITPOINT WARNING * * *
The gnoll sergeant hits you with a +0 spear.
* * * LOW HITPOINT WARNING * * *
You aren't carrying any potions.
Unknown command.
You aren't carrying any potions.
Unknown command.
Unknown command.
Okay, then.
Unknown command.
You bludgeon the gnoll sergeant!!
The gnoll sergeant is almost dead.
The gnoll barely misses you.
The gnoll sergeant hits you with a +0 spear!
You die...

..........................
......#########...........
......# ####.....##.
......# . ###........ .(
##.#........ ... {
#..)........ (...
#.....##.... #+++# ##.#.##
.... ......##@...# ...
.....(.gg..## ..
..#........# #(.....(.....
#........#....
..#......(......
.(...............
.####....(.......
#............


You could see a gnoll sergeant (strong) and a gnoll.

Vanquished Creatures
  Grinder (D:3)
  Edmund (D:5)
  A necrophage (D:5)
  A centaur (D:3)
  A phantom (D:4)
  A kobold brigand (D:4)
  A scorpion (D:5)
  5 wights (D:5)
  A hound (D:5)
  2 jellies
  An iron imp (D:3)
  A howler monkey zombie (D:5)
  5 adders
  11 gnolls
  A worm (D:2)
  2 dart slugs
  6 orcs
  4 endoplasms
  6 giant cockroaches
  7 goblins
  5 hobgoblins
  4 jackals (D:2)
  4 quokkas
  4 ball pythons
  A bat (D:2)
  3 frilled lizards (D:1)
  6 kobolds
  9 rats
95 creatures vanquished.

Vanquished Creatures (others)
  5 plants (D:2)
5 creatures vanquished.

Grand Total: 100 creatures vanquished

Notes
Turn   | Place    | Note
-------+----------+-------------------------------------------
     0 | Abyss:1  | porpoise the Formicid Abyssal Knight began the quest for
                  | the Orb.
     0 | Abyss:1  | Reached XP level 1. HP: 18/18 MP: 2/2
    18 | D:1      | Escaped the Abyss
   281 | D:1      | Reached XP level 2. HP: 24/24 MP: 3/3
   501 | D:1      | Reached XP level 3. HP: 30/30 MP: 4/4
   509 | D:1      | Found a faded altar of an unknown god.
   539 | D:1      | Reached ** piety under Lugonu
   936 | D:2      | Reached XP level 4. HP: 36/38 MP: 5/5
  1341 | D:2      | Reached XP level 5. HP: 43/43 MP: 6/6
  1585 | D:2      | You fall into a shaft and drop 1 floor!
  1585 | D:3      | Noticed Grinder
  1655 | D:3      | Killed Grinder
  1656 | D:3      | Reached skill level 5 in Fighting
  1656 | D:3      | Reached skill level 5 in Polearms
  1656 | D:3      | Reached skill level 1 in Dodging
  1656 | D:3      | Reached XP level 6. HP: 12/51 MP: 7/7
  2120 | D:2      | Reached XP level 7. HP: 43/56 MP: 8/8
  2145 | D:2      | Reached *** piety under Lugonu
  2320 | D:3      | Found a snail-covered altar of Cheibriados.
  2404 | D:3      | Learned a level 1 spell: Sandblast
  3291 | D:4      | Found an ancient bone altar of Kikubaaqudgha.
  3391 | D:5      | Entered Level 5 of the Dungeon
  3399 | D:5      | Reached skill level 5 in Armour
  3399 | D:5      | Reached XP level 8. HP: 62/62 MP: 9/9
  3414 | D:5      | Reached skill level 1 in Spellcasting
  3591 | D:5      | Noticed Edmund
  3614 | D:5      | Killed Edmund
  3716 | D:5      | Found a runed translucent gate.
  3717 | D:5      | Found a runed translucent gate.
  3717 | D:5      | Found a runed translucent gate.
  3718 | D:5      | Noticed bande's ghost (novice GrFi)
  3851 | D:5      | Slain by a gnoll sergeant

Illustrated notes

Levels and vault maps discovered:
D:1:      lightli_arrival_quake, layout_basic,
          hellmonk_ecumenical_altar_prayer_group, st_stairs_12
D:2:      layout_basic, serial_bayou_pond_e
D:3:      layout_loops_ring, slow_altar_1, kennysheep_cross_bottleneck,
          bh_walls_and_bars, uniq_grinder
D:4:      layout_cave_pools, kennysheep_mini, dk_noncrumbling_3
D:5:      layout_cave_pools, nicolae_uskayaw_murder_on_the_dancefloor,
          ebering_ghost_rock_garden, uniq_edmund, uniq_ijyb, uniq_blork_the_orc

Skill      XL: |  1  2  3  4  5  6  7  8 |
---------------+-------------------------+-----
Fighting       | 4 5 |  5.0
Polearms       | 3 5 |  5.0
Armour         | 3 5 |  5.0
Dodging        | 1 2 3 4 |  4.8
Spellcasting   | 2 |  2.9
Invocations    | 4 |  4.4

Action                   |  1- 3 |  4- 6 |  7- 9 || total
-------------------------+-------+-------+-------++-------
Melee: Spear             |    83 |   126 |       ||   209
       Halberd           |       |    14 |    59 ||    73
       Quarterstaff      |       |       |    25 ||    25
       Flail             |       |       |     7 ||     7
 Fire: Hand crossbow     |       |       |    37 ||    37
Throw: Stone             |       |     7 |       ||     7
       Boomerang         |       |       |     1 ||     1
 Abil: Shaft Self        |       |     1 |       ||     1
Evoke: Wand              |       |     2 |       ||     2
  Use: Scroll            |       |       |     2 ||     2
       Potion            |       |       |     5 ||     5
 Stab: Sleeping          |     2 |       |     1 ||     3
Armor: Leather armour    |     6 |    13 |    20 ||    39
       Skin              |       |       |     5 ||     5
Dodge: Dodged            |    19 |    48 |    46 ||   113

Table legend: (Time is in decaauts)
 A = Elapsed time spent in this place.
 B = Non-inter-level travel time spent in this place.
 C = Inter-level travel time spent in this place.
 D = Time resting spent in this place.
 E = Time spent auto-exploring this place.
 F = Levels seen in this place.
 G = Mean time per level.
                   A        B        C        D        E       F      G
               +--------+--------+--------+--------+--------+-----+--------+
         Total |   3865 |   3781 |     84 |    803 |   2089 |   6 |  644.2 |
       Dungeon |   3848 |   3764 |     84 |    803 |   2085 |   5 |  769.6 |
         Abyss |     17 |     17 |      0 |      0 |      4 |   1 |   17.0 |
               +--------+--------+--------+--------+--------+-----+--------+

Top non-repeatable levels by time:
     D:2: 1123 daAuts
     D:3: 944 daAuts
     D:1: 780 daAuts
     D:4: 528 daAuts
     D:5: 471 daAuts
 Abyss:1: 17 daAuts
